 Dungeon Crawl Stone Soup version 0.25-a0-670-g50981ef59b (webtiles) character file.

Game seed: 13597991326050077019, levelgen mode: deterministic

1215 Mehrunes the Cleaver (level 8, 0/70 HPs)
             Began as a Hill Orc Fighter on Mar 29, 2020.
             Was a Follower of Trog.
             Slain by a quasit (2 damage)
             ... summoned by Eustachio
             ... on level 5 of the Dungeon.
             The game lasted 00:13:37 (5184 turns).

Mehrunes the Cleaver (Hill Orc Fighter)             Turns: 5184, Time: 00:13:38

Health: 0/70       AC:  8    Str: 21      XL:     8   Next: 46%
Magic:  8/8        EV:  8    Int:  8      God:    Trog [*.....]
Gold:   191        SH: 10    Dex:  9 (10) Spells: 7/7 levels left

rFire    . . .     SeeInvis .   a - +0 war axe
rCold    . . .     Gourm    .   c - +0 kite shield
rNeg     . . .     Faith    +   b - +0 scale mail
rPois    .         Spirit   .   (no helmet)
rElec    .         Reflect  .   (no cloak)
rCorr    .         Harm     .   (no gloves)
MR       .....                  m - +0 pair of boots
Stlth    ..........             g - amulet of faith
HPRegen  0.21/turn              (no ring)
MPRegen  0.11/turn              (no ring)

@: berserk cooldown, slowed, very slow
A: no striking features
a: Berserk, Renounce Religion


You were on level 5 of the Dungeon.
You worshipped Trog.
Trog was aware of your devotion.
You were not hungry.

You visited 1 branch of the dungeon, and saw 5 of its levels.

You collected 191 gold pieces.

Inventory:

Hand Weapons
 a - a +0 war axe (weapon)
 o - a +0 antimagic whip
 p - a +0 hand axe of venom
Armour
 b - a +0 scale mail (worn)
 c - a +0 kite shield (worn)
 m - a +0 pair of boots (worn)
Jewellery
 g - an amulet of faith (around neck)
Wands
 d - a wand of paralysis (1)
Scrolls
 e - 8 scrolls of identify {unknown}
 h - a scroll of enchant weapon {unknown}
 i - a scroll of amnesia {unknown}
 j - a scroll of enchant armour {unknown}
 l - a scroll of fear {unknown}
Comestibles
 f - 4 rations


   Skills:
 - Level 6.1 Fighting
 * Level 8.7 Axes
 + Level 5.9 Armour
 + Level 5.8 Shields


You had 7 spell levels left.
You didn't know any spells.
Your spell library was empty.

Dungeon Overview and Level Annotations

Branches:
Dungeon (5/15)             Temple (0/1) D:4

Altars:
Ashenzari
Elyvilon
Gozag
Makhleb
Qazlal
Ru
Trog

Annotations:
D:5 Eustachio; kelmiir's ghost, amateur GnTm


Message History

The puff of frost hits you!
* * * LOW HITPOINT WARNING * * *
Eustachio hits you with a +0 rapier.
* * * LOW HITPOINT WARNING * * *
The river rat closely misses you.
The quasit bites you but does no damage.
You block the quasit's attack. The quasit claws you.
* * * LOW HITPOINT WARNING * * *
You feel clumsy. You block the quasit's attack.
The quasit claws you but does no damage. x2
The white imp hits you but does no damage.
Okay, then.
You aren't carrying any potions.
You hit Eustachio but do no damage.
Eustachio is almost dead.
You miss the quasit. You completely miss the quasit.
You barely miss the river rat. You hit the white imp.
You block the quasit's attack. x2; The quasit claws you.
You die...

. ## ### ..##.##.#######
.....(.........
....................#....
...........§5r5.?....#...#
### .....
.......@5b.....#...##...
#...#
#.##.##@###...##.......
###...#### #
#r#####+##..... ......(..#
#§......##...# .........#
#.......##...####.
...[.....#
#......r..........
........$#
#..........[......
...(.....#
#........@........
###..##+##.#
##########.##..##.


You could see Eustachio, 2 quasits, 2 river rats, a white imp and a bat.

Vanquished Creatures
  Grinder (D:4)
  The ghost of Envy91 the Chopper, an amateur HOFi (D:3)
  Duvessa (D:4)
  An ogre (D:4)
  A big kobold (D:5)
  A bullfrog (D:5)
  Dowan (D:4)
  An orc wizard (D:4)
  2 bullfrog skeletons (D:4)
  Ijyb (D:4)
  An iguana (D:4)
  Natasha (thrice) (D:2)
  6 worker ants
  3 gnolls
  7 adders
  2 adder skeletons (D:5)
  A worm (D:2)
  3 dart slugs
  5 orcs (D:4)
  8 bats
  A giant cockroach (D:4)
  7 goblins
  5 hobgoblins
  7 jackals
  6 frilled lizards
  10 kobolds
  7 rats
93 creatures vanquished.

Vanquished Creatures (others)
  A fungus (D:5)
1 creature vanquished.

Grand Total: 94 creatures vanquished

Notes
Turn   | Place    | Note
-------+----------+-------------------------------------------
     0 | D:1      | Mehrunes the Hill Orc Fighter began the quest for the Orb.
     0 | D:1      | Reached XP level 1. HP: 19/19 MP: 1/1
    74 | D:1      | Reached skill level 3 in Axes
    83 | D:1      | Reached XP level 2. HP: 25/27 MP: 2/2
   533 | D:1      | Reached XP level 3. HP: 33/33 MP: 3/3
   792 | D:2      | Noticed Natasha
   795 | D:2      | Killed Natasha
   795 | D:2      | Reached skill level 4 in Axes
   800 | D:2      | Reached XP level 4. HP: 36/40 MP: 4/4
   859 | D:2      | Noticed Natasha
   870 | D:2      | Killed Natasha
   884 | D:2      | Noticed Natasha
   894 | D:2      | Killed Natasha
   896 | D:2      | Reached XP level 5. HP: 9/47 MP: 5/5
  1375 | D:2      | Found a stormy altar of Qazlal.
  1953 | D:3      | Found a bloodstained altar of Trog.
  1970 | D:3      | Reached skill level 5 in Axes
  1977 | D:3      | Became a worshipper of Trog the Wrathful
  2190 | D:3      | Found a runed translucent door.
  2191 | D:3      | Noticed Envy91's ghost (amateur HOFi)
  2595 | D:4      | Found a staircase to the Ecumenical Temple.
  2878 | D:4      | Noticed an ogre
  2898 | D:4      | Killed an ogre
  2898 | D:4      | Reached XP level 6. HP: 39/55 MP: 6/6
  2973 | D:4      | Noticed Dowan
  2974 | D:4      | Noticed Duvessa
  2977 | D:4      | Found a sacrificial altar of Ru.
  2978 | D:4      | Found a burning altar of Makhleb.
  2978 | D:4      | Found a white marble altar of Elyvilon.
  2996 | D:4      | Reached skill level 5 in Fighting
  2997 | D:4      | HP: 3/84 [poisoned by a worker ant]
  3003 | D:4      | Reached skill level 6 in Axes
  3010 | D:4      | Killed Dowan
  3299 | D:4      | Noticed Ijyb
  3310 | D:4      | Paralysed by Ijyb for 3 turns
  3323 | D:4      | Killed Ijyb
  3376 | D:4      | Noticed Grinder
  3379 | D:4      | Paralysed by Grinder for 7 turns
  3390 | D:4      | HP: 2/56 [gnoll/cursed +0 spear (1)]
  3753 | D:3      | Reached XP level 7. HP: 59/61 MP: 7/7
  3947 | D:3      | Killed Envy91's ghost
  4051 | D:4      | Reached skill level 5 in Armour
  4055 | D:4      | Reached skill level 7 in Axes
  4055 | D:4      | Reached skill level 5 in Shields
  4248 | D:4      | Reached * piety under Trog
  4460 | D:4      | Killed Duvessa
  4681 | D:4      | Killed Grinder
  4681 | D:4      | Reached skill level 8 in Axes
  4681 | D:4      | Reached XP level 8. HP: 55/70 MP: 2/8
  4797 | D:4      | Found an opulent altar of Gozag.
  4970 | D:5      | Entered Level 5 of the Dungeon
  4983 | D:5      | Found a runed translucent gate.
  4983 | D:5      | Found a runed translucent gate.
  4983 | D:5      | Found a runed translucent gate.
  4992 | D:5      | Noticed kelmiir's ghost (amateur GnTm)
  5037 | D:5      | Found a shattered altar of Ashenzari.
  5120 | D:5      | Noticed Eustachio
  5183 | D:5      | HP: 2/70 [Eustachio/+0 rapier (4)]
  5184 | D:5      | Slain by a quasit

Levels and vault maps discovered:
D:1:      lemuel_arrival_funnel, layout_basic, minmay_misc_feat_nine_boxes
D:2:      layout_basic, nicolae_qazlal_eye_of_the_storm, uniq_natasha
D:3:      layout_basic, nicolae_overflow_crystal_walls,
          ebering_ghost_reflecting_pool
D:4:      layout_cave_pools, chequers_temple_overflow_statue_of_worship,
          grunt_gozag_statues, minmay_temple_entry_mini_moons, serial_park,
          serial_park_paths [serial_park_minivault_5x5_4], minmay_liquid_box,
          uniq_grinder, uniq_ijyb, uniq_duvessa
D:5:      layout_gridville, evilmike_ruin_ashenzari,
          gammafunk_ghost_nasty_kobolds, first_ration, uniq_eustachio

Skill      XL: |  1  2  3  4  5  6  7 |
---------------+----------------------+-----
Axes           | 3 4 5 6 8 |  8.7
Fighting       | 4 5 6 |  6.1
Armour         | 4 5 |  5.9
Shields        | 4 5 |  5.8

Action                   |  1- 3 |  4- 6 |  7- 9 || total
-------------------------+-------+-------+-------++-------
Melee: War axe           |    65 |   120 |    43 ||   228
       Short sword       |     3 |    34 |       ||    37
       Hand axe          |       |       |    91 ||    91
       Whip              |       |       |    20 ||    20
Invok: Berserk           |       |       |     1 ||     1
Evoke: Wand              |       |       |     2 ||     2
  Use: Scroll            |       |     4 |       ||     4
       Potion            |       |     3 |     2 ||     5
 Stab: Paralysed         |       |       |    10 ||    10
  Eat: Chunk             |       |     8 |     1 ||     9
       Ration            |       |       |     2 ||     2
Armor: Scale mail        |    67 |    78 |    49 ||   194
       Skin              |       |    13 |     3 ||    16
Dodge: Dodged            |    33 |    55 |    30 ||   118
Block: Kite shield       |    65 |   106 |    75 ||   246

Table legend:
 A = Non-vault XP
 B = Vault XP
 C = Vault XP percentage of total XP
 D = Non-vault monster count
 E = Vault monster count
 F = Vault count percentage of total count
                 A         B        C        D         E       F
            +---------+---------+-------+---------+---------+-------
      Total |     890 |     846 |  48.7 |      82 |      11 |  11.8
            +---------+---------+-------+---------+---------+-------
        D:1 |      38 |       0 |   0.0 |      22 |       0 |   0.0
        D:2 |     131 |      33 |  20.1 |      17 |       1 |   5.6
        D:3 |      66 |     199 |  75.1 |      18 |       1 |   5.3
        D:4 |     526 |     516 |  49.5 |      21 |       4 |  16.0
        D:5 |     129 |      98 |  43.2 |       4 |       5 |  55.6
            +---------+---------+-------+---------+---------+-------
